 Dungeon Crawl Stone Soup version 0.23.1 (webtiles) character file.

Game seed: 12913199351113972407

56 Fang the Skirmisher (level 3, -5/36 HPs)
             Began as a Gargoyle Berserker on Mar 6, 2019.
             Was a Believer of Trog.
             Slain by an orc warrior
             ... wielding a +0 flail
              (16 damage)
             ... on level 2 of the Dungeon.
             The game lasted 00:01:02 (904 turns).

Fang the Skirmisher (Gargoyle Berserker)             Turns: 904, Time: 00:01:02

Health: -5/36      AC:  5    Str: 26    XL:     3   Next: 95%
Magic:  3/3        EV: 12    Int:  7    God:    Trog [**....]
Gold:   97         SH:  0    Dex:  9    Spells: 2/2 levels left

rFire    . . .     SeeInvis .   a - +0 hand axe
rCold    . . .     Gourm    .   (no shield)
rNeg     + . .     Faith    .   b - +0 animal skin
rPois    ∞         Spirit   .   (no helmet)
rElec    +         Reflect  .   (no cloak)
rCorr    .         Harm     .   (no gloves)
MR       .....                  (no boots)
Stlth    ..........             (no amulet)
HPRegen  0.12/turn              (no ring)
MPRegen  0.08/turn              (no ring)

@: berserking, very quick
A: negative energy resistance 1, electricity resistance, unbreathing,
petrification resistance, rot immunity, AC +3
a: Berserk, Trog's Hand, Renounce Religion


You were on level 2 of the Dungeon.
You worshipped Trog.
Trog was pleased with you.
You were very hungry.

You visited 1 branch of the dungeon, and saw 2 of its levels.

You collected 97 gold pieces.

Inventory:

Hand Weapons
 a - a +0 hand axe (weapon)
Armour
 b - a +0 animal skin (worn)
Scrolls
 d - 3 scrolls of remove curse {unknown}
 g - a scroll of magic mapping {unknown}
 h - a scroll of amnesia {unknown}
 i - a scroll of identify {unknown}
 j - a scroll of enchant weapon {unknown}
 l - 2 scrolls of noise {unknown}
 o - a scroll of fear {unknown}
 p - 4 scrolls of teleportation {unknown}
Potions
 e - a potion of ambrosia {unknown}
 f - a potion of mutation {unknown}
 k - a potion of haste {unknown}
 n - a potion of might {unknown}
Comestibles
 c - 5 rations
 m - 6 chunks of flesh


   Skills:
 + Level 3.8 Fighting
 + Level 3.1 Axes
 + Level 3.0 Armour
 + Level 2.1 Dodging


You had 2 spell levels left.
You didn't know any spells.
Your spell library was empty.

Dungeon Overview and Level Annotations

Branches:
Dungeon (2/15)

Altars:


Innate Abilities, Weirdness & Mutations

You are resistant to torment.
Your stone body is resilient. (AC +3)
You are immune to poison.
You resist negative energy. (rN+)
You are resistant to electric shocks. (rElec)
You can survive without breathing.
You are immune to petrification.
You are immune to rotting.


Message History

The orc warrior hits you with a +0 flail!
Ouch! That really hurt!
* * * LOW HITPOINT WARNING * * *
The orc hits you but does no damage.
You are too injured to fight recklessly!
You are too injured to fight recklessly!
You are too injured to fight recklessly!
You are too injured to fight recklessly!
You are too injured to fight recklessly!
You are too injured to fight recklessly!
You are too injured to fight recklessly!
You are too injured to fight recklessly!
You are too injured to fight recklessly!
You are too injured to fight recklessly!
A red film seems to cover your vision as you go berserk!
You feel yourself moving faster!
You feel mighty!
You are feeling very hungry.
The orc wizard misses you.
The orc warrior hits you with a +0 flail!
You die...

#.≈.≈.≈...≈≈..#
####
#.....≈.≈.≈...#
#####.....#####
#####.#####
#........#
#........#
#........#
#.......(##
#..@........
#.ooo....###
#........#
#........#
#........#
#?.......#
##########


You could see an orc warrior, an orc wizard and an orc.

Vanquished Creatures
  2 oozes (D:1)
  2 worms (D:2)
  A dart slug (D:1)
  A leopard gecko (D:1)
  5 bats (D:1)
  3 giant cockroaches
  6 goblins
  5 hobgoblins
  4 kobolds
  6 frilled lizards
  4 rats (D:1)
39 creatures vanquished.

Notes
Turn   | Place    | Note
-------+----------+-------------------------------------------
     0 | D:1      | Fang the Gargoyle Berserker began the quest for the Orb.
     0 | D:1      | Reached XP level 1. HP: 14/14 MP: 1/1
     2 | D:1      | Noticed a tengu
     3 | D:1      | Noticed a vampire
     5 | D:1      | Noticed a human
     7 | D:1      | Noticed a demonspawn
     7 | D:1      | Noticed a formicid
     9 | D:1      | Noticed a naga
     9 | D:1      | Noticed an octopode
    11 | D:1      | Noticed a troll
    11 | D:1      | Noticed a centaur
    13 | D:1      | Noticed a ghoul
    13 | D:1      | Noticed a dwarf
    16 | D:1      | Noticed a halfling
    16 | D:1      | Noticed a spriggan
    18 | D:1      | Noticed a vine stalker
    20 | D:1      | Noticed a minotaur
    20 | D:1      | Noticed an elf
    22 | D:1      | Noticed a draconian
    24 | D:1      | Noticed a felid
    24 | D:1      | Noticed an ogre
    26 | D:1      | Noticed a demigod
    26 | D:1      | Noticed a merfolk
    28 | D:1      | Noticed a gargoyle
    83 | D:1      | Reached XP level 2. HP: 18/19 MP: 2/2
   289 | D:1      | Reached XP level 3. HP: 22/23 MP: 3/3
   799 | D:2      | Reached ** piety under Trog
   864 | D:2      | Found a faded altar of an unknown god.
   898 | D:2      | Noticed an orc warrior
   904 | D:2      | Slain by an orc warrior

Skill      XL: |  1  2  3 |
---------------+----------+-----
Axes           | 3 |  3.1
Dodging        | 2 |  2.1
Armour         | 3 |  3.0
Fighting       | |  3.8

Action                   || total
-------------------------++-------
Melee: Hand axe          ||   126
Invok: Berserk           ||     1
 Stab: Sleeping          ||     1
Armor: Animal skin       ||    42
Dodge: Dodged            ||    86
